Unix NetHack Version 3.7.0-73 Work-in-progress - last build Feb 15 2023 13:44:07 (7e882657273b58d2b20c000abed489558a81fd26,branch:master). Game began 2023-02-16 14:15:20, ended 2023-02-16 14:53:36. Gandelf, neutral male human Monk -------------------------------- ---------- --------- 0# |..............................| |........| |.......-###0 ..-----..---------.{..-----|--.| ##-%.).....| |........ # #..-.%%|..| ..|.)|---.|.(.|..|.| # |..^.....| |........#%#%######|.|.%%|..| ..|))|)...|(.(|((|.| # ---------- ---.-.-.- #0@|.|----..----||..|..|.|(.(|(.|.| #### ####### c|1|....-.)....--|----.--)----|.| # # ## |.|....|1-|--.............-..|.| # # |.|._..|.|..|-|-..{..-|--[| .|.|####### # |.|....|.|..|..|.--|-|..|.----.|# # |.|-----.|..|..|.|...|..|......|# # |.|.. |..|------||...|---......|# % |.|...|..+ |....|...|.....)...|# # |.|...+..| |....|...|.(.....)..# -------.-- |.-----..-------------......%..| # |......^%- |..............................-## | |.......>| --------------------------------## -.......| |...).....###########%########################### -------- ---------- Gandelf the Initiate St:16 Dx:14 Co:17 In:11 Wi:13 Ch:9 Neutral S:6103 Dlvl:8 $:653 HP:0(65) Pw:39(39) AC:1 Xp:7/1270 T:4596 Burdened Latest messages: You see here a gnome corpse. You kill the gnome! You hit the chickatrice! You hit the chickatrice! The chickatrice bites! The chickatrice touches you! You kill the chickatrice! You hit the wood nymph! You kill the wood nymph! There are several objects here. You have a little trouble lifting b - an uncursed +1 robe. You have a little trouble lifting R - 2 food rations. Your knapsack cannot accommodate any more items. You hear someone beseeching Huan Ti. What do you want to drop? [$a-zA-Z or ?*] w You drop 6 uncursed darts. You have a little trouble lifting w - 11 uncursed crossbow bolts. The horse drops a gnome corpse. You hit the chickatrice! You kill the chickatrice! The horse picks up a gnome corpse. A board beneath the horse squeaks an A note loudly. The horse drops a gnome corpse. The beautiful wood nymph seduces you and you start taking off your gloves. The wood nymph stole a blessed dwarvish iron helm. You can move again. The wood nymph steals an uncursed +2 pair of leather gloves! The wood nymph vanishes! What do you want to wear? [b or ?*] b You are now wearing a robe. You hear someone beseeching Huan Ti. The horse drops a gnome corpse. You stop. Your horse is in the way! You swap places with your horse. There is a doorway here. You see here a gnome corpse. The horse picks up a gnome corpse. The horse drops a gnome corpse. With great effort you move the boulder. You swap places with your horse. The horse picks up a gnome corpse. The horse drops a gnome corpse. The horse picks up a gnome corpse. The horse drops a gnome corpse. The horse drops a gnome corpse. You hear a monster behind the boulder. Perhaps that's why you cannot move it. You hit the chickatrice! You turn to stone... Do you want your possessions identified? [ynq] (y) q Inventory: Coins $ - 653 gold pieces Amulets U - an uncursed amulet of unchanging (being worn) Weapons w - 11 +0 crossbow bolts J - a +0 crossbow Armor B - a cursed +0 dwarvish iron helm (being worn) l - an uncursed +0 pair of iron shoes L - an uncursed +0 pair of iron shoes (being worn) S - an uncursed +0 dwarvish roundshield (being worn) b - an uncursed +1 robe (being worn) Comestibles g - 2 uncursed apples z - an uncursed candy bar labeled "The Small Bar" H - 2 uncursed cream pies x - 2 uncursed food rations R - 2 uncursed food rations i - 7 uncursed fortune cookies h - 5 uncursed oranges K - 2 uncursed tripe rations F - an uncursed lichen corpse Scrolls u - a cursed scroll of amnesia d - an uncursed scroll of enchant armor s - a cursed scroll of genocide c - an uncursed scroll of identify Spellbooks y - an uncursed spellbook of cure sickness n - a blessed spellbook of healing Potions T - an uncursed potion of enlightenment f - an uncursed potion of extra healing C - an uncursed potion of healing M - a blessed potion of object detection r - an uncursed potion of object detection Q - an uncursed potion of object detection V - a blessed potion of restore ability e - 4 uncursed potions of water Rings A - a cursed ring of aggravate monster G - a cursed -1 ring of gain constitution Wands o - a wand of magic missile (0:5) v - a wand of probing (0:4) W - a wand of speed monster (0:3) Tools k - an uncursed bell I - an uncursed brass lantern q - an uncursed tin whistle Y - an uncursed towel E - an uncursed wax candle Gems/Stones p - 2 uncursed amber stones X - an uncursed sapphire t - 2 uncursed worthless pieces of orange glass N - an uncursed worthless piece of red glass O - 2 uncursed worthless pieces of red glass m - an uncursed worthless piece of violet glass P - 4 uncursed worthless pieces of white glass D - 2 uncursed worthless pieces of yellow glass Z - an uncursed worthless piece of yellowish brown glass Gandelf the Monk's attributes: Background: You were an Initiate, a level 7 male human Monk. You were neutral, on a mission for Chih Sung-tzu who was opposed by Shan Lai Ching (lawful) and Huan Ti (chaotic). You were in the Gnomish Mines, on level 8. You entered the dungeon 4596 turns ago. You had 1270 experience points, 10 more were needed to attain level 8. Your score was 6103 before end-of-game adjustments. Basics: You had 0 out of 65 hit points. You had all 39 energy points (spell power). Your armor class was 1. Your wallet contained 653 zorkmids. Autopickup was off. Final Characteristics: Your strength was 16 (limit:18/100). Your dexterity was 14 (limit:18). Your constitution was 17 (limit:18). Your intelligence was 11 (limit:18). Your wisdom was 13 (limit:18). Your charisma was 9 (limit:18). Final Status: You were not hungry. You were burdened; movement was slightly slowed. You were bare handed. You were skilled in martial arts. Final Attributes: You were piously aligned. You were sleep resistant. You were poison resistant. You saw invisible. You were warned. You were stealthy. You were guarded. You could not change from your current form. You were fast. You are dead. Miscellaneous: You never encountered a bones level. Total elapsed playing time was 38 minutes and 16 seconds. Major events: Turn 1: Gandelf the neutral male human Monk entered the dungeon 1339: attained the rank of Novice (level 3) 2571: entered the Gnomish Mines 2987: attained the rank of Initiate (level 6) 3509: reached Mine Town 4596: petrified by a chickatrice Vanquished creatures: a small mimic a tengu a watchman a giant spider a lizard 2 chickatrices a dingo a dust vortex an ape 2 wood nymphs a water nymph 7 gnome leaders 3 gnomish wizards a kitten 7 dwarves a homunculus 2 rothes a giant bat 5 monkeys a dwarf zombie 2 iguanas 2 killer bees 5 coyotes 2 hobbits a manes 4 hobgoblins a giant rat 2 cave spiders a brown mold a green mold a red mold 28 gnomes 3 geckos 8 jackals 3 kobolds 2 goblins 4 sewer rats 5 grid bugs a bat 4 lichens 3 kobold zombies 5 newts 129 creatures vanquished. No species were genocided or became extinct. Voluntary challenges: You followed a strict vegan diet. You never hit with a wielded weapon. You were illiterate. You never engraved Elbereth. You never genocided any monsters. You never polymorphed an object. You never changed form. You used no wishes. Achievements: You entered a shop. You attained the rank of Novice. You entered the Gnomish Mines. You attained the rank of Initiate. You entered Minetown. You entered a temple. The Dungeons of Doom: levels 1 to 4 Level 1: A grave. Level 2: A general store, an altar, some graves. Level 3: Some fountains. Level 4: A fountain, a sink. Stairs down to The Gnomish Mines. The Gnomish Mines: levels 5 to 8 Level 5: Level 6: Level 7: Level 8: <- You were here. Many shops, a temple, some fountains. Final resting place for you, petrified by a chickatrice. Game over: ---------- / \ / REST \ / IN \ / PEACE \ / \ | Gandelf | | 653 Au | | petrified by a | | chickatrice | | | | | | 2023 | *| * * * | * _________)/\\_//(\/(/\)/\//\/|_)_______ Goodbye Gandelf the Monk... You turned to stone in The Gnomish Mines on dungeon level 8 with 6038 points, and 653 pieces of gold, after 4596 moves. You were level 7 with a maximum of 65 hit points when you turned to stone.